 Dungeon Crawl Stone Soup version 0.17-a0-1079-g9903972 (webtiles) character file.

564 Cryogen the Skirmisher (level 7, -5/64 HPs)
             Began as a Minotaur Fighter on May 19, 2015.
             Was an Initiate of Okawaru.
             Slain by Blork the orc
             ... wielding a cursed +0 scimitar
              (7 damage)
             ... on level 4 of the Dungeon.
             The game lasted 00:20:31 (3832 turns).

Cryogen the Skirmisher (Minotaur Fighter)           Turns: 3832, Time: 00:20:31

Health: -5/64      AC:  7    Str: 20 (22) XL:     7   Next: 10%
Magic:  6/6        EV:  5    Int:  5      God:    Okawaru [......]
Gold:   234        SH: 14    Dex: 10      Spells: 0 memorised, 6 levels left

rFire  . . .     SeeInvis .     n - +1 hand axe (chop)
rCold  . . .     Clarity  .     b - +0 scale mail
rNeg   + . .     SustAb   .     h - +0 large shield
rPois  .         Gourm    .     (helmet restricted)
rElec  .         Spirit   .     (no cloak)
rCorr  .         Warding  +     (no gloves)
rMut   .         Stasis   .     (no boots)
MR     .....                    q - amulet of warding
Stlth  ..........               (no ring)
                                i - ring of flight

@: about to teleport, not resistant to hostile enchantments, extremely
unstealthy
A: retaliatory headbutt, horns 2
a: Renounce Religion, Evoke Flight


You were on level 4 of the Dungeon.
You worshipped Okawaru.
Okawaru was noncommittal.
You were not hungry.

You visited 2 branches of the dungeon, and saw 5 of its levels.

You collected 234 gold pieces.

Inventory:

Hand weapons
 a - a +1 war axe
 k - a +0 dagger
 n - a +1 hand axe of chopping (weapon)
Armour
 b - a +0 scale mail (worn)
 c - a +0 shield
 h - a +0 large shield (worn)
 l - a +0 ring mail
Jewellery
 i - a ring of flight (left hand)
 q - an amulet of warding (around neck)
Scrolls
 g - a scroll of enchant armour {unknown}
 j - 2 scrolls of identify
Potions
 d - a potion of flight {unknown}
Comestibles
 e - 3 bread rations


   Skills:
 * Level 6.4 Fighting
 * Level 5.7 Axes
 + Level 5.2 Armour
 + Level 5.0 Shields


You had 6 spell levels left.
You didn't know any spells.

Dungeon Overview and Level Annotations

Branches:
Dungeon (4/15)             Temple (1/1) D:4

Altars:
Cheibriados
Fedhas
Kikubaaqudgha
Makhleb
Okawaru
Ru
Sif Muna
Trog
Yredelemnul
Zin

Annotations:
D:4 Blork the orc


Innate Abilities, Weirdness & Mutations

You reflexively headbutt those who attack you in melee.
You have a pair of horns on your head.


Message History

You hear some strange, mumbled words.
A puff of frost appears from out of thin air!
You block the puff of frost.
You closely miss something. Something hits you!
You closely miss something.
You feel sick.
You are no longer poisoned.
You block its attack. Something hits you but does no damage.
You hit something. You headbutt something. Something hits you.
* * * LOW HITPOINT WARNING * * *
You miss something. You block its attack. You block its attack.
You hit something. Something hits you!
* * * LOW HITPOINT WARNING * * *
You slash something! Your headbutt misses something.
You hear some strange, mumbled words.
A puff of flame appears from out of thin air!
The puff of flame hits you!
* * * LOW HITPOINT WARNING * * *
As you read the scroll of teleportation, it crumbles to dust.
You feel strangely unstable. Something hits you!
You die...

###.....# ..
# #.......##
##
#........##
##........###
###........##
##.........
##........
##.#......
#.@###....
#.## ##.[ ...
. .....
..###.. # ...
..#. ###.


There were no monsters in sight!

Vanquished Creatures
  Menkaure (D:4)
  3 hounds (D:4)
  An orc wizard (D:4)
  An orc priest (D:4)
  Jessica (D:2)
  Natasha (thrice) (D:4)
  A worker ant (D:3)
  A gnoll (D:1)
  9 adders
  A white imp (D:4)
  An ooze (D:2)
  4 worms (D:3)
  A giant gecko (D:1)
  5 orcs
  7 bats
  2 bat skeletons
  2 gnoll zombies (D:2)
  8 goblins
  7 hobgoblins
  7 jackals
  2 quokkas (D:4)
  A ball python (D:4)
  5 giant cockroaches
  3 giant newts
  14 kobolds
  A quokka skeleton (D:4)
  8 rats
100 creatures vanquished.

Notes
Turn   | Place    | Note
--------------------------------------------------------------
     0 | D:1      | Cryogen the Minotaur Fighter began the quest for the Orb.
     0 | D:1      | Reached XP level 1. HP: 19/19 MP: 0/0
    93 | D:1      | Reached XP level 2. HP: 13/27 MP: 1/1
   524 | D:1      | Reached skill level 4 in Fighting
   549 | D:1      | Reached XP level 3. HP: 31/33 MP: 2/2
   775 | D:2      | Noticed Jessica
   797 | D:2      | Killed Jessica
   797 | D:2      | Reached XP level 4. HP: 25/41 MP: 3/3
  1571 | D:2      | Found a basalt altar of Yredelemnul.
  1837 | D:3      | Reached XP level 5. HP: 38/47 MP: 4/4
  1853 | D:3      | Reached skill level 5 in Fighting
  2178 | D:3      | Found an ancient bone altar of Kikubaaqudgha.
  2693 | D:4      | Reached XP level 6. HP: 51/56 MP: 5/5
  2791 | D:4      | Found a staircase to the Ecumenical Temple.
  2798 | D:4      | Noticed Menkaure
  2811 | Temple   | Entered the Ecumenical Temple
  2961 | Temple   | Became a worshipper of Warmaster Okawaru
  3130 | D:4      | Killed Menkaure
  3130 | D:4      | Reached skill level 6 in Fighting
  3130 | D:4      | Reached skill level 5 in Axes
  3148 | D:4      | Noticed Natasha
  3156 | D:4      | Killed Natasha
  3156 | D:4      | Reached skill level 5 in Shields
  3303 | D:4      | Noticed Natasha
  3312 | D:4      | Killed Natasha
  3362 | D:4      | Reached skill level 5 in Armour
  3387 | D:4      | Noticed Natasha
  3398 | D:4      | Killed Natasha
  3516 | D:4      | Reached XP level 7. HP: 51/64 MP: 6/6
  3812 | D:4      | Noticed Blork the orc
  3831 | D:4      | HP: 2/64 [something/puff of flame (4)]
  3832 | D:4      | Slain by Blork the orc

Vault maps used:
D:1:      tarquinn_simple_flora_water_a
D:2:      lemuel_zombie_altar_yredelemnul, st_stairs_7, wad_floor_pattern_2,
          uniq_jessica
D:3:      kiku_gazebo_pond_becter, first_bread, kennysheep_generic_room_12
D:4:      gammafunk_temple_overflow_statue, minmay_temple_entry_statues,
          minmay_misc_feat_hallway, uniq_menkaure, uniq_blork_the_orc,
          uniq_natasha
Temple:   jpeg_temple_alley_garden_8

Action                   |  1- 3 |  4- 6 |  7- 9 || total
-------------------------+-------+-------+-------++-------
Melee: War axe           |    49 |   198 |     6 ||   253
       Hand axe          |       |       |    33 ||    33
  Use: Scroll            |       |     8 |     2 ||    10
       Potion            |       |     4 |       ||     4
  Eat: Bread ration      |       |     1 |     1 ||     2
       Fruit             |       |     4 |       ||     4
       Beef jerky        |       |       |     1 ||     1
